 Dungeon Crawl Stone Soup version 0.30.1-3-gfc49f6343a (webtiles) character file.

Game seed: 5591681972632143060

222 Heoruswealwe the Conjurer (level 5, -2/28 HPs)
             Began as a Deep Elf Conjurer on July 19, 2023.
             Slain by a hound (4 damage)
             ... on level 4 of the Dungeon.
             The game lasted 00:21:53 (2432 turns).

Heoruswealwe the Conjurer (Deep Elf Conjurer)       Turns: 2432, Time: 00:21:54

Health: -2/28      AC:  5    Str:  4    XL:     5   Next: 66%
Magic:  15/15      EV: 12    Int: 25    God:
Gold:   116        SH:  0    Dex: 13    Spells: 2/16 levels left

rFire   . . .        (no weapon)
rCold   . . .        (no shield)
rNeg    . . .        c - +0 robe
rPois   .            g - +2 helmet
rElec   .            (no cloak)
rCorr   .            (no gloves)
SInv    .            (no boots)
Will    .....        (no amulet)
Stlth   ++           (no ring)
HPRegen 0.24/turn    (no ring)
MPRegen 0.14/turn

%: no passive effects
@: no status effects
A: no striking features
a: no special abilities


You were on level 4 of the Dungeon.
You visited 1 branch of the dungeon, and saw 4 of its levels.

You collected 116 gold pieces.

Inventory:

Armour
 c - a +0 robe (worn)
 g - a +2 helmet (worn)
 j - a +0 robe
 p - a +0 robe
Wands
 a - a wand of polymorph (11)
 o - a wand of flame (12)
 r - a wand of charming (8)
Scrolls
 b - 2 scrolls of noise {unknown}
 f - 2 scrolls of silence {unknown}
 h - a scroll of enchant armour {unknown}
 i - a scroll of teleportation {unknown}
 k - 2 scrolls of identify {unknown}
 l - 2 scrolls of immolation {unknown}
 m - a scroll of blinking {unknown}
 q - a scroll of enchant weapon {unknown}
Potions
 d - a potion of lignification {unknown}
 e - 2 potions of degeneration {unknown}
 n - a potion of ambrosia {unknown}
 s - a potion of might {unknown}


   Skills:
 - Level 2.4 Dodging
 - Level 2.4 Stealth
 + Level 6.0 Spellcasting
 + Level 6.2 Conjurations


You had 2 spell levels left.
You knew the following spells:

 Your Spells              Type           Power      Damage    Failure   Level
a - Magic Dart            Conj           100%       1d8       1%          1
b - Searing Ray           Conj           76%        2d7       1%          2
c - Dazzling Flash        Conj/Hex       46%        N/A       6%          3
d - Fulminant Prism       Conj/Hex       11%        3d9       21%         4
e - Iskenderun's Mystic   Conj/Tloc      23%        2d6       21%         4

Your spell library contained the following spells:

 Spells                   Type           Power      Damage    Failure   Level


Dungeon Overview and Level Annotations

Branches:
Dungeon (4/15)
 Temple: D:4-7

Altars:

Annotations:
D:4 Sigmund


Message History

Sigmund points at you and mumbles some strange words.
The magic dart hits you.
An orc wizard comes into view. It is wielding a +0 dagger.
Found 12 gold pieces.
The hound closely misses you.
An orc wizard and an orc come into view.
The orc wizard is wielding a +2 dagger of draining.
You see here a pink potion.
e - 2 pink potions (gained 1)
The orc wizard shouts!
The orc shouts!
You hear a shout!
The hound misses you.
Sigmund zaps a wand.
The bolt of dispelling energy hits you!!
Ouch! That really hurt!
* * * LOW HITPOINT WARNING * * *
The hound bites you.
* * * LOW HITPOINT WARNING * * *
You hear a shout!
An orc comes into view. It is wielding a +0 hand axe.
An orc wizard comes into view. It is wielding a +0 dagger.
The hound attacks as you move away!
The hound bites you but does no damage. x2
The orc hits you with a +0 short sword.
* * * LOW HITPOINT WARNING * * *
The hound attacks as you move away! The hound closely misses you.
The orc attacks as you move away! The orc barely misses you.
The orc wizard mumbles some strange words.
The orc wizard flickers and vanishes!
Deactivating autopickup; reactivate with Ctrl-A.
The hound closely misses you. The hound barely misses you.
The orc wizard gestures wildly while chanting.
The orc wizard flickers and vanishes!
A giant cockroach comes into view.
The hound misses you. The hound bites you.
* * * LOW HITPOINT WARNING * * *
The hound attacks as you move away! The hound barely misses you. x2
The hound attacks as you move away! The hound closely misses you.
The hound bites you but does no damage. The hound attacks as you move away!
The hound bites you but does no damage. The hound bites you.
You die...

#....#....# #
##.....##
#.##..##
...#.o..#
.####..#.# .
#.....#..#
...#.###.##B#
.......h.# ..
.......@.#
##.
.........# #.
.........#
..........
..........#
.........##
##########


You could see a hound and an orc wizard.

Vanquished Creatures
  Jessica (D:3)
  Ijyb (D:3)
  Robin (D:3)
  A river rat (D:3)
  6 adders
  3 worms (D:3)
  A dart slug (D:2)
  2 orcs (D:3)
  3 endoplasms
  6 giant cockroaches
  14 goblins
  13 hobgoblins
  12 jackals
  3 bats
  6 frilled lizards
  3 kobolds
  8 rats
84 creatures vanquished.

Notes
Turn   | Place    | Note
-------+----------+-------------------------------------------
     0 | D:1      | Heoruswealwe the Deep Elf Conjurer began the quest for the
                  | Orb.
     0 | D:1      | Reached XP level 1. HP: 10/10 MP: 6/6
   242 | D:1      | Reached XP level 2. HP: 15/15 MP: 5/8
   245 | D:1      | Learned a level 2 spell: Searing Ray
   713 | D:2      | Reached skill level 5 in Conjurations
   713 | D:2      | Reached XP level 3. HP: 17/19 MP: 0/10
   717 | D:2      | Learned a level 3 spell: Dazzling Flash
  1696 | D:3      | Reached XP level 4. HP: 24/24 MP: 6/12
  1713 | D:3      | Learned a level 4 spell: Fulminant Prism
  1825 | D:3      | Reached skill level 5 in Spellcasting
  1834 | D:3      | Noticed Jessica
  1837 | D:3      | Killed Jessica
  2033 | D:3      | Noticed Ijyb
  2051 | D:3      | Killed Ijyb
  2052 | D:3      | Reached XP level 5. HP: 28/28 MP: 3/15
  2057 | D:3      | Learned a level 4 spell: Iskenderun's Mystic Blast
  2152 | D:3      | Noticed Robin
  2165 | D:3      | Killed Robin
  2412 | D:4      | Noticed Sigmund
  2426 | D:4      | HP: 1/28 [hound (4)]
  2432 | D:4      | Slain by a hound

Illustrated notes

Levels and vault maps discovered:
D:1:      kennysheep_arrival_seaside, layout_rooms
D:2:      layout_basic, kennysheep_generic_room_14
D:3:      layout_basic, lightli_sewer_entry_pipes, nicolae_underground_beach,
          uniq_jessica, uniq_robin, uniq_ijyb
D:4:      layout_rooms, uniq_sigmund

Skill      XL: |  1  2  3  4  5 |
---------------+----------------+-----
Spellcasting   | 4 5 6 |  6.0
Conjurations   | 5 6 |  6.2
Dodging        | |  2.4
Stealth        | |  2.4

Action                     |  1- 3 |  4- 6 || total
---------------------------+-------+-------++-------
  Melee: Unarmed           |    21 |       ||    21
   Cast: Magic Dart        |    78 |    58 ||   136
         Searing Ray       |     1 |    10 ||    11
    Use: Potion            |       |     2 ||     2
 Armour: Robe              |     7 |    14 ||    21
  Dodge: Dodged            |    28 |    40 ||    68
